 Dungeon Crawl Stone Soup version 0.23-a0-32-g1388f29 (webtiles) character file.

59 Amnesiac the Magician (level 3, -2/24 HPs)
             Began as a Mummy Earth Elementalist on Aug 4, 2018.
             Slain by an orc wizard
             ... wielding a +0 dagger
              (3 damage)
             ... on level 4 of the Dungeon.
             The game lasted 00:02:05 (839 turns).

Amnesiac the Magician (Mummy Earth Elementalist)     Turns: 839, Time: 00:02:06

Health: -2/24      AC:  2    Str: 11    XL:     3   Next: 78%
Magic:  0/8        EV: 12    Int: 15    God:
Gold:   121        SH:  0    Dex: 12    Spells: 3/9 levels left

rFire    x . .     SeeInvis .   d - +0 hunting sling
rCold    + . .     Gourm    .   (no shield)
rNeg     + + +     Faith    .   c - +0 robe
rPois    ∞         Spirit   .   (no helmet)
rElec    .         Reflect  .   (no cloak)
rCorr    .         Harm     .   (no gloves)
MR       .....                  (no boots)
Stlth    ++........             (no amulet)
HPRegen  0.08/turn              (no ring)
MPRegen  0.11/turn              (no ring)

@: very slightly contaminated
A: no food or potions, fire vulnerability, cold resistance 1, negative energy
resistance 3, torment resistance, unbreathing
a: no special abilities


You were on level 4 of the Dungeon.
You were not hungry.

You visited 1 branch of the dungeon, and saw 5 of its levels.

You collected 121 gold pieces.

Inventory:

Hand Weapons
 d - a +0 hunting sling (weapon)
Missiles
 b - 90 stones (quivered)
Armour
 c - a +0 robe (worn)
Jewellery
 a - a cursed ring of teleportation {unknown}
Wands
 g - a wand of polymorph (13)
Scrolls
 e - a scroll of identify {!r, unknown}
 f - a scroll of magic mapping {!r, unknown}


   Skills:
 - Level 1.5 Dodging
 - Level 1.5 Stealth
 + Level 3.5 Spellcasting
 - Level 0.7 Transmutations
 * Level 3.5 Earth Magic


You had 3 spell levels left.
You knew the following spells:

 Your Spells              Type           Power        Failure   Level  Hunger
a - Sandblast             Erth           ##....       4%          1    N/A
b - Passwall              Tmut/Erth      #.......     12%         2    N/A
c - Stone Arrow           Conj/Erth      #.....       26%         3    N/A

Your spell library contained the following spells:

 Spells                   Type           Power        Failure   Level  Hunger
 Lee's Rapid Deconstruct  Erth           ##........   77%         5    N/A
 Petrify                  Tmut/Erth      #.......     61%         4    N/A

Dungeon Overview and Level Annotations

Branches:
Dungeon (5/15)
 Temple: D:4-7

Altars:
Ashenzari
Ru
Wu Jian


Innate Abilities, Weirdness & Mutations

You do not eat or drink.
Your flesh is vulnerable to fire.
You are immune to poison.
Your flesh is cold resistant. (rC+)
You are immune to negative energy. (rN+++)
You are immune to unholy pain and torment.
You can survive without breathing.


Message History

The orc hits you with a hand axe.
Casting: Sandblast (safe; 4% risk of failure)
Confirm with . or Enter, or press ? or * to list all spells.
Aiming: Sandblast (safe; 4% risk of failure)
Press: ? - help, Shift-Dir - straight line, f/p - orc
Aim: an orc, wielding a hand axe and wearing a ring mail (almost dead)
The blast of sand misses the orc.
The blast of sand hits something.
b - 95 stones
Casting: Sandblast (safe; 4% risk of failure)
Confirm with . or Enter, or press ? or * to list all spells.
Aiming: Sandblast (safe; 4% risk of failure)
Press: ? - help, Shift-Dir - straight line, f/p - orc
Aim: an orc, wielding a hand axe and wearing a ring mail (almost dead)
The blast of sand hits something.
b - 94 stones
Casting: Sandblast (safe; 4% risk of failure)
Confirm with . or Enter, or press ? or * to list all spells.
Aiming: Sandblast (safe; 4% risk of failure)
Press: ? - help, Shift-Dir - straight line, f/p - orc
Aim: an orc, wielding a hand axe and wearing a ring mail (almost dead)
The blast of sand hits something.
b - 93 stones Something hits you.
* * * LOW HITPOINT WARNING * * *
Casting: Sandblast (safe; 4% risk of failure)
Confirm with . or Enter, or press ? or * to list all spells.
Aiming: Sandblast (safe; 4% risk of failure)
Press: ? - help, Shift-Dir - straight line, f/p - orc
Aim: an orc, wielding a hand axe and wearing a ring mail (almost dead)
The blast of sand hits the orc.
The orc is almost dead.
b - 92 stones Something hits you.
* * * LOW HITPOINT WARNING * * *
Casting: Sandblast (safe; 4% risk of failure)
Confirm with . or Enter, or press ? or * to list all spells.
Aiming: Sandblast (safe; 4% risk of failure)
Press: ? - help, Shift-Dir - straight line, f/p - orc
Aim: an orc, wielding a hand axe and wearing a ring mail (almost dead)
The blast of sand hits the orc.
You kill the orc!
b - 91 stones Something hits you but does no damage.
The orc throws a tomahawk.
Casting: Sandblast (safe; 4% risk of failure)
Confirm with . or Enter, or press ? or * to list all spells.
Aiming: Sandblast (safe; 4% risk of failure)
Press: ? - help, Shift-Dir - straight line, f - orc
Aim: an orc, wielding a trident of protection and wearing a ring mail You miscast Sandblast.
You are very lightly contaminated with residual magic.
You are showered with tiny particles of grit.
Something hits you.
* * * LOW HITPOINT WARNING * * *
The orc throws a tomahawk.
The tomahawk hits you.
* * * LOW HITPOINT WARNING * * *
Casting: Sandblast (safe; 4% risk of failure)
Confirm with . or Enter, or press ? or * to list all spells.
Aiming: Sandblast (safe; 4% risk of failure)
Press: ? - help, Shift-Dir - straight line, f/p - orc
Aim: an orc, wielding a trident of protection and wearing a ring mail The blast of sand hits something.
b - 90 stones Something hits you.
You die...

#...#_+
#...####
#......#
#......#
#......#
#.##...#
###.##.###
#...##.#
#@####.#
#(# #.#
#)# .# #o#
#(# #)#
#.# #(.
(..


You could see an orc.

Vanquished Creatures
  A worker ant (D:4)
  An adder (D:3)
  A dart slug (D:1)
  A leopard gecko (D:4)
  An orc (D:4)
  A ball python (D:4)
  3 giant cockroaches
  3 goblins
  4 bats
  2 frilled lizards
  3 kobolds
  A quokka skeleton (D:4)
  2 rats
24 creatures vanquished.

Notes
Turn   | Place    | Note
-------+----------+-------------------------------------------
     0 | D:1      | Amnesiac the Mummy Earth Elementalist began the quest for the Orb.
     0 | D:1      | Reached XP level 1. HP: 13/13 MP: 4/4
   277 | D:1      | Reached XP level 2. HP: 19/19 MP: 3/5
   322 | D:1      | Learned a level 2 spell: Passwall
   359 | D:2      | Found an ornate altar of the Wu Jian Council.
   566 | D:3      | Reached XP level 3. HP: 18/24 MP: 7/7
   571 | D:3      | Learned a level 3 spell: Stone Arrow
   690 | D:4      | Found a sacrificial altar of Ru.
   700 | D:5      | Entered Level 5 of the Dungeon
   802 | D:4      | Found a shattered altar of Ashenzari.
   838 | D:4      | HP: 1/24 [orc/tomahawk (4)]
   839 | D:4      | Slain by an orc wizard

Vault maps used:
D:1:      dpeg_arrival_chase, hex_large
D:2:      nemelex_altar_shiori, lemuel_coloured_pillars_altar
D:3:      led_sif_book
D:4:      nicolae_ru_path_of_blood, ashenzari_conservatory_becter,
          trog_eyes_of_draining, hangedman_abyss_or_decor_slice
D:5:      eat_drink_and_be_merry_uskayaw, kennysheep_mini,
          minmay_temple_entry_trees, first_ration, minmay_misc_feat_roman,
          elyvilon_altar_4

Skill      XL: |  1  2 |
---------------+-------+-----
Earth Magic    | 3 |  3.5
Spellcasting   | 3 |  3.5
Dodging        | |  1.5
Stealth        | |  1.5
Transmutations | |  0.7

Action                   || total
-------------------------++-------
Melee: Unarmed           ||     2
 Fire: Hunting sling     ||    52
 Cast: Sandblast         ||    21
       Passwall          ||     1
Armor: Robe              ||     7
Dodge: Dodged            ||    22

Table legend:
 A = Spawn XP
 B = Non-spawn XP
 C = Spawn XP percentage of total XP
 D = Spawn monster count
 E = Non-spawn monster count
 F = Spawn count percentage of total count
 G = Total turns spent on level
                    A         B        C        D         E        F      G
               +---------+---------+-------+---------+---------+-------+---------
         Total |       0 |      85 |   0.0 |       0 |      24 |   0.0 |   839
               +---------+---------+-------+---------+---------+-------+---------
           D:1 |       0 |      14 |   0.0 |       0 |       8 |   0.0 |   363
           D:2 |       0 |       8 |   0.0 |       0 |       5 |   0.0 |   130
           D:3 |       0 |      19 |   0.0 |       0 |       5 |   0.0 |   125
           D:4 |       0 |      44 |   0.0 |       0 |       6 |   0.0 |   219
               +---------+---------+-------+---------+---------+-------+---------
